 Seeded DCSS version 0.30-a0-585-g93115170b9 (webtiles) character file.

Game seed: 10598967555626449285 (custom seed)

32 purpskrrrp the Insei (level 3, -4/23 HPs)
             Began as an Octopode Transmuter on Jan 1, 2023.
             Was a Believer of Uskayaw.
             Slain by a goblin
             ... wielding a +0 dagger
             ... led by Robin
              (5 damage)
             ... on level 2 of the Dungeon.
             The game lasted 00:02:08 (849 turns).

purpskrrrp the Insei (Octopode Transmuter)           Turns: 849, Time: 00:02:08

Health: -4/23      AC:  1    Str:  9    XL:     3   Next: 27%
Magic:  3/6        EV: 13    Int: 17    God:    Uskayaw [**....]
Gold:   26         SH:  0    Dex: 12    Spells: 3/6 levels left

rFire   . . .      SeeInvis .      - Unarmed
rCold   . . .      Faith    .    (no shield)
rNeg    . . .      Spirit   .    (helmet currently unavailable)
rPois   .          Reflect  .    (no amulet)
rElec   .          Harm     .    (no ring)
rCorr   .          Rampage  .    (no ring)
Will    .....                    (no ring)
Stlth   ++                       (no ring)
HPRegen 0.23/turn                (no ring)
MPRegen 0.10/turn                (no ring)
                                 (no ring)
                                 (no ring)

@: appendages, wereblooded
A: tentacle spike 3, almost no armour, amphibious, 8 rings, camouflage 1,
gelatinous body 1, (nimble swimmer 1), tentacles
a: End Transformation, Renounce Religion, Stomp, Line Pass


You were on level 2 of the Dungeon.
You worshipped Uskayaw.
Uskayaw was noncommittal.
One of your tentacles had grown a beastly spike.
You visited 1 branch of the dungeon, and saw 2 of its levels.

You collected 26 gold pieces.

Inventory:

Missiles
 e - 3 atropa-tipped darts
Potions
 a - a potion of lignification
 f - 2 potions of might {unknown}
 g - a potion of curing {unknown}
 h - a potion of cancellation {unknown}


   Skills:
 + Level 1.5 Fighting
 + Level 2.3 Dodging
 + Level 3.2 Unarmed Combat
 + Level 2.3 Spellcasting
 + Level 2.4 Transmutations


You had 3 spell levels left.
You knew the following spells:

 Your Spells              Type           Power      Damage    Failure   Level
a - Beastly Appendage     Tmut           20%        N/A       7%          1
b - Wereblood             Tmut           10%        N/A       11%         2

Your spell library contained the following spells:

 Spells                   Type           Power      Damage    Failure   Level
 Spider Form              Tmut/Pois      6%         N/A       34%         3
 Ice Form                 Ice/Tmut       6%         N/A       75%         4


Dungeon Overview and Level Annotations

Branches:
Dungeon (2/15)

Altars:
Uskayaw

Annotations:
D:2 Robin


Innate Abilities, Weirdness & Mutations

One of your tentacles has grown a beastly spike.
You cannot wear most types of armour.
You are amphibious.
You can wear up to eight rings at the same time.
Your skin changes colour to match your surroundings (Stealth+).
Your rubbery body absorbs attacks. (AC +1, EV +1)
((You are camouflaged when in or above water. (Stealth+)))
You have tentacles for arms and can constrict up to eight enemies at once.


Message History

Found a ring mail.
There is a stone staircase leading up here.
The helpless Robin fails to defend themself.
You tentacle-slap Robin. You grab Robin.
You pierce Robin.
You squeeze Robin.
Robin is heavily wounded.
You constrict Robin, but do no damage.
The hobgoblin shouts!
The goblin shouts! x3; The hobgoblin shouts!
The goblin shouts! x3; The hobgoblin shouts! x2
The hobgoblin shouts!
You tentacle-slap Robin but do no damage.
You squeeze Robin, but do no damage.
Robin is heavily wounded.
You constrict Robin, but do no damage.
An endoplasm comes into view.
The hobgoblin barely misses you. Robin throws the goblin at you!
The hobgoblin hits you.
The endoplasm quivers.
You tentacle-slap the hobgoblin but do no damage.
You grab the hobgoblin. You constrict Robin.
You constrict the hobgoblin, but do no damage.
The goblin closely misses you. The goblin hits you with a +0 dagger.
The hobgoblin hits you. The hobgoblin barely misses you.
Robin roars a battlecry!
The goblins go into a battle-frenzy!
You can now pass through a line of other dancers.
You tentacle-slap the hobgoblin. You squeeze the hobgoblin.
You feel a bit better.
You kill the hobgoblin!
You constrict Robin.
A bat comes into view.
The goblin hits you with a +0 dagger. Robin hits you with a +0 mace.
The hobgoblin hits you.
* * * LOW HITPOINT WARNING * * *
A giant cockroach comes into view.
You closely miss the goblin. Your grab misses the goblin.
Your tentacle spike misses the goblin.
Your squeeze misses the goblin. You constrict Robin.
The goblin hits you with a +0 dagger.
* * * LOW HITPOINT WARNING * * *
The goblin hits you with a +0 dagger.
You die...

.B......
#......#
#..J...#
#......#
#..b...#
#.ggg..#
#.gggg.#
#gg@gg.#
########


You could see Robin, an endoplasm, a giant cockroach, 4 hobgoblins, 6 goblins
and a bat.

Vanquished Creatures
  A dart slug (D:1)
  3 endoplasms (D:1)
  3 giant cockroaches (D:1)
  3 goblins (D:1)
  4 hobgoblins
  2 quokkas (D:1)
  4 ball pythons (D:1)
  A bat (D:1)
  3 frilled lizards (D:1)
  3 kobolds (D:1)
27 creatures vanquished.

Notes
Turn   | Place    | Note
-------+----------+-------------------------------------------
     0 | D:1      | purpskrrrp the Octopode Transmuter began the quest for the
                  | Orb.
     0 | D:1      | Reached XP level 1. HP: 13/13 MP: 3/3
    98 | D:1      | Reached XP level 2. HP: 18/18 MP: 3/5
   246 | D:1      | Found a faded altar of an unknown god.
   338 | D:1      | Reached XP level 3. HP: 14/23 MP: 4/6
   792 | D:1      | Prayed at the altar of an unknown god.
   792 | D:1      | Became a worshipper of Uskayaw the Reveller
   792 | D:1      | Reached * piety under Uskayaw
   796 | D:1      | Learned a level 2 spell: Wereblood
   844 | D:2      | Noticed Robin
   847 | D:2      | Reached ** piety under Uskayaw
   849 | D:2      | HP: 1/23 [goblin/+0 dagger[Robin] (6)]
   849 | D:2      | Slain by a goblin

Illustrated notes

Levels and vault maps discovered:
D:1:      zaba_arrival_water, layout_loops_cross,
          shapermc_ecumenical_altar_venn, palyth_stone_intersect,
          chequers_serial_rivers_micro_c, hex_tiny
D:2:      layout_basic, uniq_robin

Action                   || total
-------------------------++-------
Melee: Unarmed           ||    57
       Kick              ||    20
       Constrict         ||    19
       Tentacles         ||    11
       Punch             ||     1
 Cast: Beastly Appendage ||    17
       Wereblood         ||     1
  Use: Scroll            ||     3
 Stab: Sleeping          ||     5
Armor: Skin              ||     4
Dodge: Dodged            ||    41

Table legend: (Time is in decaauts)
 A = Elapsed time spent in this place.
 B = Non-inter-level travel time spent in this place.
 C = Inter-level travel time spent in this place.
 D = Time resting spent in this place.
 E = Time spent auto-exploring this place.
 F = Levels seen in this place.
 G = Mean time per level.
                   A        B        C        D        E       F      G
               +--------+--------+--------+--------+--------+-----+--------+
         Total |    845 |    793 |     52 |      6 |    614 |   2 |  422.5 |
       Dungeon |    845 |    793 |     52 |      6 |    614 |   2 |  422.5 |
               +--------+--------+--------+--------+--------+-----+--------+

Top non-repeatable levels by time:
     D:1: 841 daAuts
     D:2: 4 daAuts
